 Dungeon Crawl Stone Soup version 0.31.0-1-g2c135a008e (webtiles) character file.

Game seed: 5975915152367048357

711 qw the Shooter (level 8, 0/59 HPs)
             Began as a Djinni Hunter on Jan 24, 2024.
             Slain by an ogre
             ... wielding a +0 giant spiked club
              (17 damage)
             ... on level 4 of the Dungeon.
             The game lasted 00:00:13 (2939 turns).

qw the Shooter (Djinni Hunter)                      Turns: 2939, Time: 00:00:14

Health: 0/59       AC:  9    Str: 10    XL:     8   Next: 0%
Gold:   49         EV: 11    Int: 12    God:
                   SH:  0    Dex: 18

rFire   + + .        j - +0 shortbow (freeze)
rCold   x . .        (shield currently unavailable)
rNeg    . . .        d - +0 ring mail
rPois   inf          (no helmet)
rElec   .            (no cloak)
rCorr   .            (no gloves)
SInv    .            (boots unavailable)
Will    .....        (no amulet)
Stlth   +            e - +4 ring of protection
HPRegen 0.29/turn    (no ring)
MPRegen 0.00/turn

%: infuse magic (-1 HP)
@: flying
A: sickness immunity, fire resistance 2, cold vulnerability 1, float, innate
caster, HP casting, extra vitality 1
a: no special abilities


You were on level 4 of the Dungeon.
You visited 1 branch of the dungeon, and saw 4 of its levels.

You collected 147 gold pieces.
You spent 98 gold pieces at shops.


Innate Abilities, Weirdness & Mutations

You are immune to sickness and miasma.
You are immune to poison.
Your flesh is very heat resistant. (rF++)
You are vulnerable to cold. (rC-)
You float through the air rather than walking.
You learn spells naturally, not from books.
Your magical power is your life essence.
You have superior vitality. (+4 MHP)


   Skills:
 - Level 5.0 Fighting
 + Level 6.1 Ranged Weapons
 - Level 1.0 Armour
 - Level 3.2 Dodging
 - Level 0.7 Stealth


You knew the following spells:

 Your Spells              Type           Power      Damage    Failure   Level
a - Necrotise             Necr           0%         1d4       63%         1
b - Scorch                Fire           0%         2d5       77%         2
c - Fugue of the Fallen   Necr           0%         N/A       94%         3
Your spell library was empty.

Inventory:

Hand Weapons
 j - a +0 shortbow of freezing (weapon)
Armour
 b - a +0 robe of fire resistance
 d - a +0 ring mail (worn)
Jewellery
 e - a +4 ring of protection (left hand)
Scrolls
 a - a scroll of revelation {unknown}
 c - 5 scrolls of teleportation
 g - a scroll of torment {unknown}
 k - a scroll of silence {unknown}
 l - a scroll of identify
Potions
 f - 2 potions of might
 h - a potion of magic {unknown}
 i - a potion of berserk rage {unknown}

Dungeon Overview and Level Annotations

Branches:
Dungeon (4/15)
 Temple: D:4-7

Altars:
Dithmenos

Shops:
D:3 *(

Annotations:
D:2 1 runed translucent door, Crazy Yiuf


Message History

You kill the killer bee!
Your Ranged Weapons skill increases to level 6!
You have reached level 8!
You feel clever.
You start resting.
A quokka comes into view.
A kobold comes into view. It is wielding a +0 dagger.
You shoot an arrow. The kobold shouts!
The arrow hits the quokka but does no damage.
You shoot an arrow. The arrow barely misses the quokka.
You shoot an arrow.
The arrow hits the quokka but does no damage.
A bombardier beetle comes into view.
You shoot an arrow. The arrow hits the quokka.
The arrow freezes the quokka.
The quokka is heavily wounded.
An ogre comes into view. It is wielding a +0 giant spiked club.
The quokka bites you.
You shoot an arrow. The ogre shouts!
The arrow hits the quokka.
The arrow freezes the quokka.
You kill the quokka!
A ball python comes into view.
You shoot an arrow. The ball python hisses angrily.
The arrow hits the ogre!
The arrow freezes the ogre.
The ogre is moderately wounded.
The kobold hits you with a +0 dagger.
The ogre hits you with a +0 giant spiked club!
A ball python comes into view.
You shoot an arrow. The arrow hits the ogre.
The arrow freezes the ogre.
The ogre is moderately wounded.
The kobold closely misses you.
The ogre hits you with a +0 giant spiked club!
The kobold barely misses you.
You shoot an arrow.
The arrow hits the ogre but does no damage.
The ogre is moderately wounded.
The kobold closely misses you.
The ogre hits you with a +0 giant spiked club!
You die...

### ####################
...##......#....#.......
#..##.....#.#..#...#
#..##..#.#.#..@K#
#..##.#...#.#SO#
#....#....:#..... ..
#..#########...S...
#..##.### ##......B##
#......####......#..#
##...................#
#..####..........#...
#.. #..........#..


You could see an ogre, a bombardier beetle, 2 ball pythons and a kobold.

Vanquished Creatures
  Sigmund (D:2)
  A kobold brigand (D:4)
  A phantom (D:4)
  A scorpion (D:4)
  A killer bee (D:4)
  2 howler monkeys (D:4)
  3 orc priests
  An iguana (D:4)
  2 adders
  4 dart slugs
  4 ribbon worms
  7 orcs
  5 ball pythons
  2 bats
  5 endoplasms
  2 giant cockroaches
  4 goblins
  10 hobgoblins
  5 jackals
  4 kobolds
  7 quokkas
  12 rats
84 creatures vanquished.

Notes
Turn   | Place    | Note
-------+----------+-------------------------------------------
     0 | D:1      | qw the Djinni Hunter began the quest for the Orb.
     0 | D:1      | Reached XP level 1. HP: 18/18 MP: 0/0
     0 | D:1      | 0 ||| qw: Version: 0.3-a-136-gdd3b4e8
     0 | D:1      | 0 ||| qw: Game counter: 1340
     0 | D:1      | 0 ||| qw: Melee chars always use a shield: true
     0 | D:1      | 0 ||| qw: God list: Okawaru
     0 | D:1      | 0 ||| qw: Allow faded altars: false
     0 | D:1      | 0 ||| qw: Do Orc after clearing Dungeon:15 true
     0 | D:1      | 0 ||| qw: Do second Lair branch before Depths: true
     0 | D:1      | 0 ||| qw: Lair rune preference: random
     0 | D:1      | 0 ||| qw: Goals: Normal
     0 | D:1      | 0 ||| PLANNING D:1-11
    95 | D:1      | Reached XP level 2. HP: 23/23 MP: 0/0
   162 | D:1      | HP: 5/23 [quokka (3)]
   423 | D:1      | Reached skill level 4 in Ranged Weapons
   423 | D:1      | Reached XP level 3. HP: 28/28 MP: 0/0
   423 | D:1      | Learned a level 1 spell: Necrotise
   590 | D:1      | 590 ||| UPGRADING to +0 ring mail.
   600 | D:1      | 600 ||| DROPPING +0 leather armour.
   601 | D:1      | 601 ||| DROPPING scroll of butterflies.
   674 | D:2      | Reached skill level 1 in Armour
   912 | D:2      | Found a runed translucent door.
   913 | D:2      | Noticed Crazy Yiuf
  1109 | D:2      | 1109 ||| READING 3 scrolls labelled IRUDAA LAUSUO.
  1109 | D:2      | 1109 ||| IDENTIFYING dark potion
  1110 | D:2      | 1110 ||| READING 2 scrolls of identify.
  1110 | D:2      | 1110 ||| IDENTIFYING fuming golden potion
  1111 | D:2      | 1111 ||| READING scroll of identify.
  1111 | D:2      | 1111 ||| IDENTIFYING grey potion
  1112 | D:2      | 1112 ||| DRINKING 2 glowing red potions.
  1113 | D:2      | 1113 ||| DROPPING potion of brilliance.
  1114 | D:2      | 1114 ||| DROPPING potion of degeneration.
  1221 | D:2      | 1221 ||| STAIRDANCE
  1259 | D:2      | Reached XP level 4. HP: 33/34 MP: 0/0
  1311 | D:2      | Noticed Sigmund
  1313 | D:2      | 1313 ||| DRINKING black potion.
  1327 | D:2      | Killed Sigmund
  1328 | D:2      | Reached XP level 5. HP: 33/43 MP: 0/0
  1328 | D:2      | Learned a level 2 spell: Scorch
  1328 | D:2      | Reached XP level 6. HP: 37/49 MP: 0/0
  1767 | D:2      | 1767 ||| READING 3 scrolls labelled WOYZUG ROCW.
  1771 | D:2      | 1771 ||| READING scroll labelled YRYWKENELO.
  1772 | D:2      | 1772 ||| READING 3 scrolls labelled YCKEGI ULIECH.
  1773 | D:2      | 1773 ||| DROPPING 2 scrolls of blinking.
  2081 | D:3      | Found Eladomin's Weapon Emporium.
  2093 | D:3      | 2093 ||| BUYING +0 shortbow of freezing (74 gold).
  2093 | D:3      | Bought a +0 shortbow of freezing for 74 gold pieces
  2093 | D:3      | 2093 ||| SHOPLISTING +2 heavy shortbow (174 gold, have 73).
  2093 | D:3      | 2093 ||| SWAPPING to +0 shortbow of freezing.
  2094 | D:3      | 2094 ||| DROPPING +0 shortbow.
  2113 | D:3      | Found Zuuwk's General Store.
  2121 | D:3      | 2121 ||| SHOPLISTING amulet of regeneration (360 gold, have
                  | 73).
  2121 | D:3      | 2121 ||| SHOPLISTING potion of mutation (96 gold, have 73).
  2121 | D:3      | 2121 ||| BUYING scroll of identify (24 gold).
  2121 | D:3      | Bought a scroll of identify for 24 gold pieces
  2245 | D:3      | 2245 ||| UPGRADING to +4 ring of protection.
  2246 | D:3      | 2246 ||| READING scroll of identify.
  2246 | D:3      | 2246 ||| IDENTIFYING fizzy green potion
  2247 | D:3      | 2247 ||| DROPPING potion of invisibility.
  2310 | D:4      | HP: 10/49 [orc priest/+0 short sword (4)]
  2311 | D:4      | 2311 ||| READING 4 scrolls of teleportation.
  2312 | D:4      | 2312 ||| DRINKING potion of heal wounds.
  2393 | D:4      | Reached skill level 5 in Ranged Weapons
  2393 | D:4      | Reached XP level 7. HP: 31/54 MP: 0/0
  2393 | D:4      | Learned a level 3 spell: Fugue of the Fallen
  2405 | D:4      | Reached skill level 3 in Dodging
  2754 | D:4      | Found a shadowy altar of Dithmenos.
  2931 | D:4      | Reached skill level 6 in Ranged Weapons
  2931 | D:4      | Reached XP level 8. HP: 42/59 MP: 0/0
  2939 | D:4      | Slain by an ogre

Levels and vault maps discovered:
D:1:      heliophobic_arrival_ceremonial_halls, layout_rooms
D:2:      layout_basic, uniq_crazy_yiuf_cottage, uniq_sigmund
D:3:      layout_rooms, serial_shops, shop, nicolae_shop_tiny_real_fake_doors
D:4:      minmay_thinvault, layout_layer_cave,
          mainiacjoe_overflow_six_doors_small, mainiacjoe_overflow_catwalk,
          minmay_temple_entry_drinking_statues

Skill      XL: |  1  2  3  4  5  6  7 |
---------------+----------------------+-----
Ranged Weapons | 4 5 6 |  6.1
Armour         | 1 |  1.0
Fighting       | 5 |  5.0
Dodging        | 3 |  3.2
Stealth        | |  0.7

Action                     |  1- 3 |  4- 6 |  7- 9 || total
---------------------------+-------+-------+-------++-------
   Fire: Shortbow          |   103 |   130 |    95 ||   328
    Use: Scroll            |     3 |     5 |       ||     8
         Potion            |     1 |     2 |       ||     3
 Armour: Leather armour    |    15 |       |       ||    15
         Ring mail         |    24 |    69 |    46 ||   139
  Dodge: Dodged            |    57 |    64 |    17 ||   138

Table legend:
 A = Non-vault XP
 B = Vault XP
 C = Vault XP percentage of total XP
 D = Non-vault monster count
 E = Vault monster count
 F = Vault count percentage of total count
                 A         B        C        D         E       F
            +---------+---------+-------+---------+---------+-------
      Total |     591 |     425 |  41.8 |      79 |       5 |   6.0
            +---------+---------+-------+---------+---------+-------
        D:1 |      44 |       0 |   0.0 |      25 |       0 |   0.0
        D:2 |      52 |     223 |  81.1 |      19 |       1 |   5.0
        D:3 |      78 |       0 |   0.0 |      17 |       0 |   0.0
        D:4 |     417 |     202 |  32.6 |      18 |       4 |  18.2
            +---------+---------+-------+---------+---------+-------
